 Dungeon Crawl Stone Soup version 0.27-a0-1196-g3e9cee4cb2 (webtiles) character file.

Game seed: 15909617661171947963

1736 Glokmah the Orthodox (level 9, -5/71 HPs)
             Began as a Formicid Artificer on May 29, 2021.
             Was an Elder of Zin.
             Killed from afar by an acid dragon (16 damage)
             ... with a splash of acid
             ... on level 6 of the Dungeon.
             The game lasted 00:15:41 (7717 turns).

Glokmah the Orthodox (Formicid Artificer)           Turns: 7717, Time: 00:15:41

Health: -5/71      AC:  2    Str: 22    XL:     9   Next: 25%
Magic:  15/16      EV:  8    Int: 14    God:    Zin [****..]
Gold:   182        SH:  0    Dex: 22    Spells: 8/8 levels left

rFire    + . .     SeeInvis +   a - +2 dagger (venom)
rCold    x . .     Faith    .   (no shield)
rNeg     . . .     Spirit   .   l - +0 chain mail
rPois    ∞         Reflect  .   (helmet unavailable)
rElec    +         Harm     .   (no cloak)
rCorr    .         Rampage  .   (no gloves)
Will     .....                  k - +1 pair of boots
Stlth    ..........             (no amulet)
HPRegen  0.21/turn              u - ring "Dazxem" {Fire Str+2 Dex+5}
MPRegen  0.15/turn              n - ring "Xyavvoq" {*Corrode rElec Slay+4 SInv}

@: vitalised, corroded, on recite cooldown
A: permanent stasis, dig shafts and tunnels, antennae 3, four strong arms
a: Dig, Shaft Self, Renounce Religion, Recite, Vitalisation, Imprison, Donate
Gold


You were on level 6 of the Dungeon.
You worshipped Zin.
Zin was greatly pleased with you.
You visited 1 branch of the dungeon, and saw 6 of its levels.

You collected 389 gold pieces.
You donated 207 gold pieces to Zin.

Inventory:

Hand Weapons
 a - a +2 dagger of venom (weapon)
Missiles
 h - 4 javelins
 q - 34 poisoned darts (quivered)
Armour
 k - a +1 pair of boots (worn)
 l - a +0 chain mail (worn)
Jewellery
 f - a ring of positive energy
 n - the ring "Xyavvoq" (right hand) {*Corrode rElec Slay+4 SInv}
   (You acquired it on level 6 of the Dungeon)

   [ring of slaying]

   It affects your accuracy and damage with ranged weapons and melee attacks
   (+4).
   It insulates you from electricity.
   It lets you see invisible.
   It may corrode you when you take damage.
 u - the ring "Dazxem" (left hand) {Fire Str+2 Dex+5}
   (You found it on level 6 of the Dungeon)

   [ring of fire]

   It enhances your fire magic.
   It affects your strength (+2).
   It affects your dexterity (+5).
   It protects you from fire.
   It makes you vulnerable to cold.
Wands
 c - a wand of flame (4)
 d - a wand of charming (14)
 p - a wand of acid (5)
Scrolls
 j - a scroll of blinking
Potions
 b - a potion of heal wounds
 e - 3 potions of might {unknown}
 g - 2 potions of lignification
 i - a potion of curing {unknown}
 m - 3 potions of attraction {unknown}
 o - 2 potions of cancellation {unknown}
 s - a potion of ambrosia {unknown}
 t - a potion of haste {unknown}
 v - a potion of brilliance {unknown}


   Skills:
 + Level 6.4 Fighting
 - Level 2.1 Armour
 - Level 0.8 Dodging
 - Level 1.2 Stealth
 * Level 10.0 Invocations
 - Level 6.0 Evocations


You had 8 spell levels left.
You didn't know any spells.
Your spell library was empty.

Dungeon Overview and Level Annotations

Branches:
Dungeon (6/15)             Temple (0/1) D:4

Altars:
Ashenzari
Dithmenos
Kikubaaqudgha
Trog
Zin
The Shining One

Shops:
D:1 [


Innate Abilities, Weirdness & Mutations

You cannot be hasted, slowed, berserked, paralysed or teleported.
You can dig through walls and to a lower floor.
You have a pair of large antennae on your head. (SInv)
Your four strong arms can wield two-handed weapons with a shield.


Message History

"...ye amorphous wretches, ye guilty..."
The shadow imp is limned with silver light.
The shadow imp shouts!
Zin grants you divine stamina. "...of discord, Zin taketh."
You finish reciting Apostates 5:39.
The acid dragon barely misses you.
The acid dragon claws you but does no damage.
You closely miss the acid dragon.
The acid dragon is moderately wounded.
The acid dragon bites you.
* * * LOW HITPOINT WARNING * * *
The acid dragon misses you.
The shadow imp disappears for a moment.
Press: ? - help, v - describe, . - travel
Here: an acid dragon (lightly wounded, catching its breath)
The floor, spattered with blood.
Okay, then.
As you read the scroll labelled DITHYS HEFOGA, it crumbles to dust.
Your body is wracked with pain!
* * * LOW HITPOINT WARNING * * *
The acid dragon convulses!
Zin forgives your inadvertent evil act, just this once.
It was a scroll of torment.
The acid dragon misses you.
The acid dragon claws you but does no damage.
Okay, then.
Unknown command.
You feel much better. The acid dragon spits acid at you.
The splash of acid hits you.
* * * LOW HITPOINT WARNING * * *
The acid corrodes you!
You are splashed with acid!
* * * LOW HITPOINT WARNING * * *
Okay, then.
Press: ? - help, Dir - move target, f/p - acid dragon
Aim: an acid dragon (heavily wounded, catching its breath)
You need more space to imprison the acid dragon.
The acid dragon spits acid at you. The splash of acid hits you!
You die...

,*,,,,,,**,*****###.........####
,,,*,,,,,,,* ##..#.#.#.#####.##
,,,,,,****,* ##5.............#.†
****,,,,,,,*
##.##...#.##.####.##
*********##.####....##.####.##
#5## ##........##.## ##D##
##.#.##.#.##.##
##.###.##.##......##
##@#.....####.#####
##...#####.....# ###.# #.....#
###.# #.....# #...# #.....#
#.### #.<...###
#.########.......
#.##.......#####.
#.##.#####.#####.


You could see an acid dragon (catching breath) and a shadow imp (corona).

Vanquished Creatures
  Grinder (D:5)
  2 black bears
  A sky beast (D:6)
  A necrophage (D:4)
  4 ogres
  A phantom (D:5)
  A bullfrog (D:6)
  A scorpion (D:5)
  A water moccasin skeleton (D:5)
  A bullfrog zombie (D:5)
  3 hounds
  A bullfrog skeleton (D:6)
  A centaur skeleton (D:4)
  2 orc wizards (D:4)
  3 iguanas
  A scorpion zombie (D:5)
  A hound skeleton (D:3)
  6 adders
  3 worms
  3 dart slugs
  7 orcs
  9 endoplasms
  A giant cockroach (D:3)
  6 goblins
  15 hobgoblins
  A jackal (D:3)
  3 quokkas
  7 ball pythons
  7 bats
  5 frilled lizards
  8 kobolds
  4 rats
111 creatures vanquished.

Vanquished Creatures (collateral kills)
  An ice beast (D:6)
  A hound (D:6)
  An endoplasm (D:3)
  A hobgoblin (D:3)
4 creatures vanquished.

Grand Total: 115 creatures vanquished

Notes
Turn   | Place    | Note
-------+----------+-------------------------------------------
     0 | D:1      | Glokmah the Formicid Artificer began the quest for the Orb.
     0 | D:1      | Reached XP level 1. HP: 15/15 MP: 1/1
    75 | D:1      | Found Coxipp's Antique Armour Boutique.
    85 | D:1      | Found a faded altar of an unknown god.
   143 | D:1      | Became a worshipper of Zin the Law-Giver
   143 | D:1      | Reached * piety under Zin
   268 | D:1      | Reached XP level 2. HP: 20/21 MP: 2/2
   320 | D:1      | Reached skill level 1 in Invocations
   925 | D:1      | Reached XP level 3. HP: 22/26 MP: 4/4
  1706 | D:2      | Reached skill level 2 in Invocations
  1863 | D:2      | Reached ** piety under Zin
  1909 | D:2      | Reached XP level 4. HP: 31/33 MP: 5/5
  1952 | D:2      | Found a glowing golden altar of the Shining One.
  2324 | D:3      | Noticed an ogre
  2356 | D:3      | Was placed under penance by Zin
  2360 | D:3      | Killed an ogre
  2361 | D:3      | Reached skill level 3 in Invocations
  2361 | D:3      | Reached XP level 5. HP: 39/39 MP: 5/7
  2768 | D:3      | Found a broken altar of Ashenzari.
  2796 | D:3      | Found a bloodstained altar of Trog.
  2872 | D:3      | Donated 43 gold pieces to Zin
  2927 | D:3      | Reached skill level 5 in Evocations
  2933 | D:3      | Reached XP level 6. HP: 43/46 MP: 8/8
  2968 | D:3      | Noticed an ogre
  2993 | D:3      | Killed an ogre
  2994 | D:3      | Reached skill level 4 in Invocations
  3009 | D:3      | HP: 1/47 [hobgoblin/+0 whip (2)]
  3359 | D:3      | Was forgiven by Zin
  3473 | D:3      | Found a shadowy altar of Dithmenos.
  3942 | D:4      | Reached XP level 7. HP: 46/52 MP: 10/10
  4132 | D:4      | Reached skill level 5 in Invocations
  4609 | D:4      | Found a staircase to the Ecumenical Temple.
  5091 | D:4      | Reached *** piety under Zin
  5283 | D:5      | Entered Level 5 of the Dungeon
  5440 | D:5      | Reached skill level 6 in Invocations
  5614 | D:5      | Reached XP level 8. HP: 50/61 MP: 11/13
  5678 | D:5      | Reached skill level 7 in Invocations
  6004 | D:5      | Noticed Grinder
  6013 | D:5      | Killed Grinder
  6014 | D:5      | Reached skill level 5 in Fighting
  6014 | D:5      | Reached skill level 8 in Invocations
  6310 | D:5      | Reached **** piety under Zin
  6374 | D:5      | Donated 126 gold pieces to Zin
  6926 | D:6      | Identified the ring "Dazxem" {Fire Str+2 Dex+5}
  6938 | D:6      | Identified a scroll of acquirement
  6938 | D:6      | Acquired the ring "Xyavvoq" {*Corrode rElec Slay+4 SInv}
  6970 | D:6      | Found an ancient bone altar of Kikubaaqudgha.
  6995 | D:6      | Reached skill level 9 in Invocations
  7142 | D:6      | Reached XP level 9. HP: 66/69 MP: 15/15
  7580 | D:6      | Reached skill level 10 in Invocations
  7708 | D:6      | HP: 3/71 [/a scroll of torment (1)]
  7717 | D:6      | Killed from afar by an acid dragon

Illustrated notes

Levels and vault maps discovered:
D:1:      eino_arrival_cavern_e, layout_loops_ring, serial_shops, shop,
          ebering_ecumenical_altar_abandoned
D:2:      layout_basic, basic_altar
D:3:      layout_rooms, nicolae_overflow_crystal_walls,
          nicolae_ashenzari_skybound, nicolae_dithmenos_through_a_glass_darkly,
          minmay_pentangle
D:4:      layout_basic, minmay_temple_entry_statues_fountains,
          ebering_dispersal_statue_hall
D:5:      layout_gridville, minmay_misc_feat_enclosed, uniq_grinder
D:6:      layout_loops_cross, overflow_temple_1_default, kennysheep_diamond

Skill      XL: |  1  2  3  4  5  6  7  8  9 |
---------------+----------------------------+-----
Invocations    | 1 2 3 4 6 9 10 | 10.0
Evocations     | 4 5 6 |  6.0
Fighting       | 2 3 4 5 6 |  6.4
Armour         | |  2.1
Dodging        | |  0.8
Stealth        | |  1.2

Action                   |  1- 3 |  4- 6 |  7- 9 || total
-------------------------+-------+-------+-------++-------
Melee: Dagger            |    89 |   111 |   247 ||   447
       Club              |     2 |       |       ||     2
       Short sword       |    41 |    54 |       ||    95
Throw: Dart              |       |       |     2 ||     2
       Javelin           |       |       |     2 ||     2
Invok: Donate Gold       |       |     1 |     1 ||     2
       Recite            |       |       |     9 ||     9
       Vitalisation      |       |       |     1 ||     1
Evoke: Wand              |     6 |     6 |       ||    12
  Use: Scroll            |       |     6 |     5 ||    11
       Potion            |       |       |     1 ||     1
 Stab: Sleeping          |     2 |       |       ||     2
       Confused          |       |       |     3 ||     3
Armor: Leather armour    |    38 |       |       ||    38
       Chain mail        |    17 |    96 |   144 ||   257
Dodge: Dodged            |    77 |    61 |    70 ||   208

Table legend: (Time is in decaauts)
 A = Elapsed time spent in this place.
 B = Non-inter-level travel time spent in this place.
 C = Inter-level travel time spent in this place.
 D = Time resting spent in this place.
 E = Time spent auto-exploring this place.
 F = Levels seen in this place.
 G = Mean time per level.
                   A        B        C        D        E       F      G
               +--------+--------+--------+--------+--------+-----+--------+
         Total |   7731 |   7295 |    436 |    824 |   5040 |   6 | 1288.5 |
       Dungeon |   7731 |   7295 |    436 |    824 |   5040 |   6 | 1288.5 |
               +--------+--------+--------+--------+--------+-----+--------+

Top non-repeatable levels by time:
     D:4: 1606 daAuts
     D:1: 1527 daAuts
     D:3: 1516 daAuts
     D:5: 1492 daAuts
     D:6: 805 daAuts
     D:2: 782 daAuts
